 Dungeon Crawl Stone Soup version 0.28.0-53-g5a82cb258f (webtiles) character file.

Game seed: 2018921940997468944

4 Descartes the Vexing (level 1, -1/7 HPs)
             Began as a Felid Wanderer on July 10, 2022.
             Slain by a quokka (3 damage)
             ... on level 1 of the Dungeon.
             The game lasted 00:00:59 (232 turns).

Descartes the Vexing (Felid Wanderer)                Turns: 232, Time: 00:01:00

Health: -1/7       AC:  1    Str:  7    XL:     1   Next: 50%
Magic:  3/3        EV: 15    Int: 15    God:
Gold:   22         SH:  0    Dex: 14    Spells: 1/2 levels left
                                        Lives:  0   Deaths: 0

rFire   . . .      SeeInvis +   (weapon unavailable)
rCold   . . .      Faith    .   (shield unavailable)
rNeg    . . .      Spirit   .   (armour unavailable)
rPois   .          Reflect  .   (helmet unavailable)
rElec   .          Harm     .   (cloak unavailable)
rCorr   .          Rampage  .   (gloves unavailable)
Will    .....                   (boots unavailable)
Stlth   ++........              (no amulet)
HPRegen 0.02/turn               (no ring)
MPRegen 0.08/turn               (no ring)

@: quick
A: very small, claws 1, fangs 3, see invisible, speed 1, shaggy fur 1, stealthy
paws, no weapons or thrown items, no armour, multi-lived
a: no special abilities


You were on level 1 of the Dungeon.
You visited 1 branch of the dungeon, and saw 1 of its levels.

You collected 22 gold pieces.

Inventory:

Potions
 b - a potion of curing {unknown}
Miscellaneous
 a - a piece from Xom's chessboard (15/15) (quivered)


   Skills:
 + Level 0.5 Dodging
 * Level 1.9 Stealth
 + Level 0.3 Unarmed Combat
 - Level 1.0 Spellcasting
 - Level 4.4 Hexes
 - Level 3.0 Translocations
 - Level 1.0 Invocations
 - Level 2.1 Evocations


You had one spell level left.
You knew the following spells:

 Your Spells              Type           Power      Damage    Failure   Level
a - Slow                  Hex            52%        N/A       4%          1

Your spell library contained the following spells:

 Spells                   Type           Power      Damage    Failure   Level
 Apportation              Tloc           18%        N/A       7%          1
 Gell's Gravitas          Tloc           9%         N/A       22%         3
 Teleport Other           Tloc           9%         N/A       22%         3
 Summon Guardian Golem    Hex/Summ       7%         N/A       30%         3


Dungeon Overview and Level Annotations

Branches:
Dungeon (1/15)

Altars:


Innate Abilities, Weirdness & Mutations

You have sharp claws.
You have razor-sharp teeth.
You have supernaturally acute eyesight. (SInv)
You cover ground quickly. (Speed+)
You are covered in fur. (AC +1)
Your paws help you pounce on unaware monsters.
You are incapable of wielding weapons or throwing items.
You cannot wear armour.
You gain extra lives every three experience levels.


Message History

The goblin is severely wounded.
The goblin hits you but does no damage.
You scratch the goblin.
You kill the goblin!
HP restored.
Items here: ( )) †.
Found a stone staircase leading down.
A quokka comes into view.
You closely miss the quokka. The quokka barely misses you.
You scratch the quokka.
The quokka is moderately wounded.
The quokka misses you.
You scratch the quokka.
The quokka is severely wounded.
The quokka closely misses you. The quokka bites you.
Ouch! That really hurt!
* * * LOW HITPOINT WARNING * * *
You are too injured to fight recklessly!
You are too injured to fight recklessly!
You are too injured to fight recklessly!
You are too injured to fight recklessly!
You are too injured to fight recklessly!
You are too injured to fight recklessly!
You are too injured to fight recklessly!
You are too injured to fight recklessly!
You are too injured to fight recklessly!
You are too injured to fight recklessly!
You are too injured to fight recklessly!
You are too injured to fight recklessly!
You are too injured to fight recklessly!
You are too injured to fight recklessly!
You are too injured to fight recklessly!
You are too injured to fight recklessly!
You scratch the quokka.
The quokka is almost dead.
The quokka bites you but does no damage.
You closely miss the quokka. You bite the quokka, but do no damage.
The quokka is almost dead.
The quokka bites you.
You die...

.. .###...... #..
.........# ...
.........# #..
.........# ..#
#........# ##..
#......# ..# #....r.#
<.# #....@.# ##..#
###......# ##..#
.........# ..# ..
.....###.# ..# ..
.....###.## ..# ..
.... #....# .## . ...
#....# ##
########....#.#
########.............#


You could see a quokka.

Vanquished Creatures
  A giant cockroach (D:1)
  A goblin (D:1)
  A kobold (D:1)
3 creatures vanquished.

Notes
Turn   | Place    | Note
-------+----------+-------------------------------------------
     0 | D:1      | Descartes the Felid Wanderer began the quest for the Orb.
     0 | D:1      | Descartes set off with the following items: a piece from
                  | Xom's chessboard (15/15); and the following spells
                  | available to memorise: Slow, Apportation, Gell's Gravitas,
                  | Teleport Other, Summon Guardian Golem
     0 | D:1      | Reached XP level 1. HP: 7/7 MP: 3/3
     2 | D:1      | Learned a level 1 spell: Slow
    14 | D:1      | Found a faded altar of an unknown god.
   232 | D:1      | Slain by a quokka

Illustrated notes

Levels and vault maps discovered:
D:1:      lightli_iron_boxes, layout_basic, basic_ecumenical_altar,
          minmay_fountain_box

Action                   || total
-------------------------++-------
Melee: Unarmed           ||    16
       Bite              ||     1
 Stab: Sleeping          ||     1
Armor: Skin              ||     3
Dodge: Dodged            ||    10
